 Dungeon Crawl Stone Soup version 0.28-a0-1415-g7c84da036a (webtiles) character file.

Game seed: 13274614919661593000

849 gimp the Skirmisher (level 7, 0/56 HPs)
             Began as a Mummy Wanderer on Jan 8, 2022.
             Was a Follower of Okawaru.
             Hit by a javelin thrown by a gnoll (6 damage)
             ... on level 4 of the Dungeon.
             The game lasted 00:16:00 (6710 turns).

gimp the Skirmisher (Mummy Wanderer)                Turns: 6710, Time: 00:16:01

Health: 0/56       AC: 12    Str: 18    XL:     7   Next: 69%
Magic:  7/7        EV:  7    Int:  9    God:    Okawaru [*.....]
Gold:   213        SH:  0    Dex: 13    Spells: 6/6 levels left

rFire   x . .      SeeInvis .   q - +0 flail
rCold   + . .      Faith    .   (no shield)
rNeg    + + +      Spirit   .   u - +0 chain mail
rPois   ∞          Reflect  .   j - +0 helmet
rElec   .          Harm     .   n - +0 cloak
rCorr   .          Rampage  .   t - +0 pair of gloves
Will    .....                   (no boots)
Stlth   ..........              (no amulet)
HPRegen 0.18/turn               (no ring)
MPRegen 0.10/turn               (no ring)

@: no status effects
A: cold resistance 1, negative energy resistance 3, torment resistance 2, heat
vulnerability 1, no potions
a: Renounce Religion, Heroism


You were on level 4 of the Dungeon.
You worshipped Okawaru.
Okawaru was aware of your devotion.
You visited 2 branches of the dungeon, and saw 7 of its levels.

You collected 213 gold pieces.

Inventory:

Hand Weapons
 a - a +2 dagger
 b - a +0 hand crossbow
 q - a +0 flail (weapon)
Armour
 j - a +0 helmet (worn)
 n - a +0 cloak (worn)
 t - a +0 pair of gloves (worn)
 u - a +0 chain mail (worn)
Scrolls
 c - 2 scrolls of identify {unknown}
 e - 2 scrolls of vulnerability
 g - 2 scrolls of teleportation
 h - a scroll of brand weapon {unknown}
 i - a scroll of summoning {unknown}
 k - 5 scrolls of fear {unknown}
 l - 2 scrolls of torment {unknown}
 o - a scroll of noise {unknown}
 p - 2 scrolls of blinking {unknown}
 r - a scroll of immolation {unknown}
 s - a scroll of amnesia {unknown}


   Skills:
 - Level 5.0 Fighting
 * Level 4.0 Maces & Flails
 - Level 1.5 Crossbows
 - Level 3.7 Throwing
 + Level 3.8 Armour
 - Level 1.0 Stealth
 - Level 1.0 Evocations


You had 6 spell levels left.
You didn't know any spells.
Your spell library contained the following spells:

 Spells                   Type           Power      Damage    Failure   Level
 Portal Projectile        Hex/Tloc       0%         N/A       100%        3
 Hailstorm                Conj/Ice       0%         3d3       100%        4
 Excruciating Wounds      Necr           0%         N/A       100%        5
 Ice Form                 Ice/Tmut       Unusable   N/A       N/A         4
 Blade Hands              Tmut           Unusable   N/A       N/A         5
 Simulacrum               Ice/Necr       Unusable   N/A       N/A         6

Dungeon Overview and Level Annotations

Branches:
Dungeon (6/15)             Temple (1/1) D:4

Altars:
Ashenzari
Dithmenos
Elyvilon
Gozag
Okawaru
Qazlal
Ru
Sif Muna
Vehumet
Yredelemnul

Annotations:
D:3 Ijyb
D:4 3 runed translucent doors, SnakkuSnakku7's ghost, novice NaTm


Innate Abilities, Weirdness & Mutations

You are immune to poison.
Your flesh is cold resistant. (rC+)
You are immune to negative energy. (rN+++)
You are immune to unholy pain and torment.
You are vulnerable to heat. (rF-)
You do not drink.


Message History

The gnoll is moderately wounded.
The gnoll hits you with a +0 halberd.
You take 2 damage, and have 26/56 hp.
You hit the gnoll.
The gnoll is severely wounded.
The gnoll hits you with a +0 halberd!
You take 9 damage, and have 17/56 hp.
You closely miss the gnoll.
The gnoll is severely wounded.
The gnoll hits you but does no damage.
You closely miss the gnoll.
The gnoll is severely wounded.
The gnoll hits you but does no damage.
You closely miss the gnoll.
The gnoll is severely wounded.
The gnoll hits you with a +0 halberd!
* * * LOW HITPOINT WARNING * * *
The gnoll hits you with a +0 halberd.
* * * LOW HITPOINT WARNING * * *
You take 13 damage, and have 4/56 hp.
MASSIVE DAMAGE!!
The gnoll closely misses you.
The gnoll throws a javelin.
The javelin pierces through you.
* * * LOW HITPOINT WARNING * * *
You take 1 damage, and have 5/56 hp.
Unknown command.
Unknown command.
You fail to use your ability.
You gain the combat prowess of a mighty hero.
The gnoll throws a javelin.
The javelin completely misses you.
You now have 5/7 mp.
You feel like a meek peon again.
The gnoll throws a javelin.
The javelin pierces through you but does no damage.
MP restored: 7 Unknown command.
The gnoll throws a javelin.
The javelin pierces through you.
* * * LOW HITPOINT WARNING * * *
You take 4 damage, and have 6/56 hp.
The gnoll throws a javelin.
The javelin pierces through you.
You die...

#......#####.##.###.............
##.....######.##.# #.##.#.#..)..#
..............##.# #.##......>..#
####†###########.###.####.##...##
#.# ######...#...###......# #†#
#.......).....#######.# #.#
#.####...#...## #.# #.# ###.#
#<<(##.## #.# #(# #...# #.@.##.#
#.# #.###.#.# #...##.#########.#
#.#.....# ##.###...........#
#.#.....# #.# ##############
####+++### #.# ######...
#...ZWZ.# #.# #...##.## ##.....##
#g# ###.#.##.## #.......# #.#
#...#.....# ##.:?$.##
#.######.#####.>..


You could see a gnoll.

Vanquished Creatures
  A sky beast (D:5)
  2 ogres (D:5)
  A scorpion (D:4)
  3 howler monkeys
  A bullfrog zombie (D:5)
  A bullfrog skeleton (D:5)
  An orc priest (D:2)
  A hound (D:5)
  Natasha (thrice) (D:2)
  An orc wizard (D:4)
  A hound skeleton (D:4)
  Robin (D:1)
  4 adders
  4 gnolls (D:5)
  2 worms
  A dart slug (D:1)
  11 orcs
  2 ball pythons (D:4)
  2 bats (D:1)
  8 endoplasms
  4 giant cockroaches
  14 goblins
  6 hobgoblins
  2 jackals (D:4)
  5 quokkas
  10 kobolds
  A rat (D:2)
93 creatures vanquished.

Notes
Turn   | Place    | Note
-------+----------+-------------------------------------------
     0 | D:1      | gimp the Mummy Wanderer began the quest for the Orb.
     0 | D:1      | gimp set off with the following items: a +2 dagger, 4
                  | curare-tipped darts, a +0 hand crossbow, 21 bolts, a scroll
                  | of vulnerability, a +0 leather armour
     0 | D:1      | Reached XP level 1. HP: 16/16 MP: 1/1
   251 | D:1      | Reached XP level 2. HP: 19/23 MP: 2/2
   541 | D:1      | Reached skill level 3 in Fighting
  1472 | D:2      | Noticed Robin
  1700 | D:1      | Reached XP level 3. HP: 11/29 MP: 3/3
  2059 | D:1      | Killed Robin
  2060 | D:1      | Reached skill level 4 in Fighting
  2359 | D:2      | Noticed Natasha
  2382 | D:2      | Killed Natasha
  2383 | D:2      | Reached XP level 4. HP: 9/38 MP: 4/4
  2385 | D:2      | Noticed Natasha
  2392 | D:2      | Killed Natasha
  2735 | D:2      | Noticed Natasha
  2739 | D:2      | Killed Natasha
  2740 | D:2      | Reached skill level 5 in Fighting
  3384 | D:2      | Reached skill level 1 in Armour
  3384 | D:2      | Reached XP level 5. HP: 44/44 MP: 5/5
  4183 | D:3      | Found a broken altar of Ashenzari.
  4248 | D:3      | Noticed Ijyb
  4660 | D:4      | Found a staircase to the Ecumenical Temple.
  4754 | Temple   | Entered the Ecumenical Temple
  4866 | Temple   | Became a worshipper of Warmaster Okawaru
  4902 | D:4      | Reached XP level 6. HP: 51/51 MP: 6/6
  4949 | D:4      | Found a runed translucent gate.
  4949 | D:4      | Found a runed translucent gate.
  4952 | D:4      | Found a runed translucent gate.
  4956 | D:4      | Noticed SnakkuSnakku7's ghost (novice NaTm)
  5270 | D:4      | Reached skill level 1 in Maces & Flails
  5730 | D:4      | Noticed an orc warrior
  5761 | D:5      | Entered Level 5 of the Dungeon
  5775 | D:5      | Noticed a sky beast
  5799 | D:6      | Noticed a gargoyle
  5804 | D:5      | Noticed a gargoyle
  6396 | D:5      | Killed a sky beast
  6414 | D:5      | Reached XP level 7. HP: 56/56 MP: 7/7
  6421 | D:5      | Reached * piety under Okawaru
  6710 | D:4      | Hit by a javelin thrown by a gnoll

Illustrated notes

Levels and vault maps discovered:
D:1:      minmay_arrival_diagonal_passages, layout_basic
D:2:      layout_rooms, ebering_dispersal_statue_hall, solitary_fountain,
          dk_noncrumbling_3, minmay_randomly_rotated_circles, uniq_natasha,
          uniq_robin
D:3:      layout_basic, nicolae_ashenzari_skybound, old_standard_altar,
          kennysheep_vampire_church, uniq_ijyb, uniq_crazy_yiuf_cottage
D:4:      layout_loops_ring, minmay_temple_entry_offerings,
          gammafunk_ghost_necromancy, kennysheep_generic_room_12
D:5:      layout_loops_ring
D:6:      layout_rooms, zin_treasury, mainiacjoe_overflow_alcove_1
Temple:   jpeg_temple_island

Skill      XL: |  1  2  3  4  5  6  7 |
---------------+----------------------+-----
Fighting       | 3 4 5 |  5.0
Armour         | 1 2 3 |  3.8
Maces & Flails | 2 4 |  4.0
Crossbows      | |  1.5
Throwing       | |  3.7
Stealth        | |  1.0
Evocations     | |  1.0

Action                   |  1- 3 |  4- 6 |  7- 9 || total
-------------------------+-------+-------+-------++-------
Melee: Dagger            |   140 |   131 |       ||   271
       Punch             |     5 |       |     1 ||     6
       Hand crossbow     |       |     1 |       ||     1
       Flail             |       |       |    12 ||    12
 Fire: Hand crossbow     |       |   114 |    46 ||   160
Throw: Dart              |     8 |     9 |       ||    17
Invok: Heroism           |       |       |     1 ||     1
  Use: Scroll            |       |     1 |       ||     1
 Stab: Sleeping          |     3 |       |       ||     3
Armor: Leather armour    |    32 |    28 |       ||    60
       Scale mail        |       |    77 |       ||    77
       Chain mail        |       |     7 |    29 ||    36
Dodge: Dodged            |    82 |   113 |    20 ||   215

Table legend: (Time is in decaauts)
 A = Elapsed time spent in this place.
 B = Non-inter-level travel time spent in this place.
 C = Inter-level travel time spent in this place.
 D = Time resting spent in this place.
 E = Time spent auto-exploring this place.
 F = Levels seen in this place.
 G = Mean time per level.
                   A        B        C        D        E       F      G
               +--------+--------+--------+--------+--------+-----+--------+
         Total |   6794 |   6567 |    227 |   1557 |   3368 |   7 |  970.6 |
       Dungeon |   6650 |   6453 |    197 |   1557 |   3270 |   6 | 1108.3 |
        Temple |    143 |    113 |     30 |      0 |     98 |   1 |  143.0 |
               +--------+--------+--------+--------+--------+-----+--------+

Top non-repeatable levels by time:
     D:1: 2546 daAuts
     D:4: 1518 daAuts
     D:2: 1461 daAuts
     D:3: 561 daAuts
     D:5: 539 daAuts
  Temple: 143 daAuts
     D:6: 23 daAuts
